 Dungeon Crawl Stone Soup version 0.18.1-48-g4cf74bf (webtiles) character file.

20 MistressOfTheDunes the Insei (level 2, 0/24 HPs)
             Began as a Mummy Monk on June 27, 2016.
             Slain by a hobgoblin (4 damage)
             ... on level 1 of the Dungeon.
             The game lasted 00:00:54 (1126 turns).

MistressOfTheDunes the Insei (Mummy Monk)           Turns: 1126, Time: 00:00:55

Health: 0/24       AC:  0    Str: 14    XL:     2   Next: 58%
Magic:  2/2        EV: 13    Int:  9    God:
Gold:   62         SH:  0    Dex: 14    Spells: 0 memorised, 1 level left

rFire  x . .     SeeInvis .       - Unarmed
rCold  + . .     Gourm    .     (no armour)
rNeg   + + +     Faith    .     (no shield)
rPois  ∞         Spirit   .     (no helmet)
rElec  .         Dismiss  .     (no cloak)
rCorr  .         Reflect  .     (no gloves)
SustAt .         Harm     .     (no boots)
MR     .....                    (no amulet)
Stlth  ++........               (no ring)
                                (no ring)

@: not resistant to hostile enchantments, unstealthy
A: no food or potions, fire vulnerability, cold resistance 1, negative energy
resistance 3, torment resistance, unbreathing
a: no special abilities


You were on level 1 of the Dungeon.
You were not hungry.

You visited 1 branch of the dungeon, and saw 2 of its levels.

You collected 62 gold pieces.


Innate Abilities, Weirdness & Mutations

You do not eat or drink.
Your flesh is vulnerable to fire.
You are immune to poison.
Your flesh is cold resistant.
You are immune to negative energy.
You are immune to unholy pain and torment.
You can survive without breathing.


   Skills:
 - Level 3.0 Fighting
 - Level 2.4 Dodging
 - Level 1.5 Stealth
 + Level 3.9 Unarmed Combat


You had one spell level left.
You didn't know any spells.

Inventory:

Scrolls
 a - a scroll of noise {unknown}
 b - a scroll of recharging {unknown}
 c - a scroll of remove curse {unknown}
 d - a scroll of enchant weapon {unknown}
 e - 3 scrolls of identify {unknown}
 f - a scroll of fog {unknown}
 g - a scroll of magic mapping {unknown}
 h - a scroll of immolation {unknown}

Dungeon Overview and Level Annotations

Branches:
Dungeon (2/15)

Altars:

▒.▒▒▒▒▒▒▒▒▒▒▒.▒ ▒.▒ ▒.▒
▒.▒▒▒▒▒▒▒▒▒ ▒.▒
▒.▒▒)..)..▒ ▒.▒
▒.▒▒......▒▒▒.▒
▒▒▒...(.....▒.▒▒▒
▒...........+.▒
▒.▒▒▒.......▒g▒ ▒.▒
▒.▒▒▒▒▒.▒M▒
▒▒▒▒.▒▒▒.▒▒▒▒▒.▒.▒▒▒.▒.
........................
▒▒.▒.♣♣♣♣♣♣.▒▒.▒........
▒.▒........▒▒.▒▒♣.♣▒..▒
▒.▒▒♣♣♣♣♣♣▒▒▒.. ... .?
▒.▒ ▒)..▒▒▒▒▒ .♣..▒ ▒.▒
▒.▒.▒▒▒▒▒▒ ▒..▒ ▒.▒
▒.▒......♣ .▒


You could see a hobgoblin.


Message History

* * * don't die
* * * You are too injured to fight recklessly!!!
You are too injured to fight recklessly!!!
You are too injured to fight recklessly!!!
You are too injured to fight recklessly!!!
You are too injured to fight recklessly!!!
You are too injured to fight recklessly!!!
You are too injured to fight recklessly!!!
You are too injured to fight recklessly!!!
You are too injured to fight recklessly!!!
You are too injured to fight recklessly!!!
You are too injured to fight recklessly!!!
You are too injured to fight recklessly!!!
You are too injured to fight recklessly!!!
You pulverise the hobgoblin!
The hobgoblin is lightly wounded!
The hobgoblin barely misses you!
You pulverise the hobgoblin but do no damage!
The hobgoblin hits you! * * * don't die
* * * You closely miss the hobgoblin!
The hobgoblin hits you! * * * don't die
* * * You pummel the hobgoblin like a punching bag!
The hobgoblin is heavily wounded!
The hobgoblin hits you! * * * don't die
* * * You pulverise the hobgoblin but do no damage!
The hobgoblin is heavily wounded!
The hobgoblin hits you! rip

Action                   || total
-------------------------++-------
Melee: Unarmed           ||    62
       Punch             ||     1
 Stab: Sleeping          ||     1
Dodge: Dodged            ||    48

Vault maps used:
D:1:      dpeg_arrival_three_smaller_balls, serial_forest,
          infiniplex_forest_straight_3, infiniplex_forest_clump_small,
          infiniplex_forest_straight_2, infiniplex_forest_lined_1,
          infiniplex_forest_clump_double

Notes
Turn   | Place    | Note
--------------------------------------------------------------
     0 | D:1      | MistressOfTheDunes the Mummy Monk began the quest for the Orb.
     0 | D:1      | Reached XP level 1. HP: 18/18 MP: 1/1
   453 | D:1      | Reached XP level 2. HP: 24/24 MP: 2/2
  1030 | D:1      | You fall through a shaft!
  1126 | D:1      | Slain by a hobgoblin

Vanquished Creatures
  A dart slug (D:1)
  A ball python (D:1)
  5 bats
  A giant cockroach (D:1)
  3 hobgoblins (D:1)
  A giant newt (D:1)
  3 kobolds
  2 rats (D:1)
17 creatures vanquished.
